 Dungeon Crawl Stone Soup version 0.32-a0-699-g1ee5eff69a (webtiles) character file.

Game seed: 8456544991782347425

3731 lunkers the Basher (level 10, -1/106 HPs)
             Began as a Coglin Berserker on Mar 13, 2024.
             Was an Elder of Trog.
             Slain by a sleepcap (6 damage)
             ... on level 8 of the Dungeon.
             The game lasted 00:11:43 (6810 turns).

lunkers the Basher (Coglin Berserker)               Turns: 6810, Time: 00:11:43

Health: -1/106     AC:  7    Str: 22    XL:     10   Next: 14%
Magic:  10/10      EV: 10    Int:  7    God:    Trog [****..]
Gold:   426        SH:  0    Dex: 13    Spells: 9/9 levels left

rFire   . . .        s - +4 flail (freeze) {Yuina}
rCold   . . .        q - +0 flail (freeze) {Decima}
rNeg    . . .        d - +0 ring mail
rPois   .            l - +0 helmet
rElec   .            h - +0 cloak
rCorr   .            (no gloves)
SInv    .            (no boots)
Will    .....        (amulet unavailable) Stlth
                     (ring unavailable)
HPRegen 0.37/turn    (ring unavailable)
MPRegen 0.12/turn    (no gizmo)

%: no passive effects
@: berserking, revving, very quick
A: off-hand wielding, slow wielding, warmup strikes, no jewellery
a: Invent Gizmo, Renounce Religion, Berserk, Trog's Hand, Brothers in Arms


You were on level 8 of the Dungeon.
You worshipped Trog.
Trog was greatly pleased with you.
You visited 1 branch of the dungeon, and saw 8 of its levels.
You also visited: Sewer and Ossuary.

You collected 426 gold pieces.

Inventory:

Hand Weapons
 a - a +0 mace {Cihuaton}
 c - a +0 dagger {Liang}
 e - a +1 heavy flail
 f - a +0 dagger of speed {Frauke}
 q - a +0 flail of freezing (offhand) {Decima}
 s - a +4 flail of freezing (weapon) {Yuina}
Missiles
 n - a throwing net
Armour
 d - a +0 ring mail (worn)
 h - a +0 cloak (worn)
 l - a +0 helmet (worn)
Wands
 m - a wand of flame (48)
 t - a wand of light (11)
Scrolls
 b - 2 scrolls of brand weapon
 g - 10 scrolls of teleportation
 o - a scroll of revelation
 r - a scroll of silence
 A - 2 scrolls of fog
 B - a scroll of fear
Potions
 i - 2 potions of curing
 j - 6 potions of heal wounds
 k - 4 potions of brilliance
 p - a potion of haste
 u - a potion of attraction
 v - a potion of enlightenment
 w - a potion of ambrosia
 x - a potion of mutation
 z - a potion of might
 D - a potion of magic


   Skills:
 + Level 4.0 Fighting
 * Level 12.1 Maces & Flails
 + Level 3.0 Armour
 - Level 1.7 Dodging
 - Level 6.0 Evocations


You had 9 spell levels left.
You didn't know any spells.
Your spell library was empty.

Dungeon Overview and Level Annotations

Branches:
Dungeon (8/15)             Temple (0/1) D:7           Sewer (visited)
Ossuary (visited)
   Lair: D:8-11

Altars:
Cheibriados
Fedhas

Shops:
D:2 ?


Innate Abilities, Weirdness & Mutations

You can wield a second weapon in your off-hand.
It takes a long time for you to wield or remove held weapons.
Your first few attacks do less damage.
You cannot equip rings or amulets.


Message History

* * * LOW HITPOINT WARNING * * *
Pikel hits you with a +2 whip of electrocution!
* * * LOW HITPOINT WARNING * * *
You are electrocuted!
* * * LOW HITPOINT WARNING * * *
The bullfrog closely misses you.
You climb downwards.
There is a stone staircase leading up here.
A red film seems to cover your vision as you go berserk!
You feel yourself moving faster!
You feel mighty! The bullfrog hits you.
* * * LOW HITPOINT WARNING * * *
The sleepcap barely misses you.
Pikel hits you with a +2 whip of electrocution.
* * * LOW HITPOINT WARNING * * *
The lemure closely misses you.
You sock Pikel with your +0 flail of freezing!
You freeze Pikel.
Pikel is heavily wounded.
You sock Pikel with your +4 flail of freezing!
You freeze Pikel.
The bullfrog hits you but does no damage.
You bludgeon Pikel with your +4 flail of freezing!!
You freeze Pikel.
You kill Pikel!
Trog accepts your kill.
With Pikel's spell broken, his former minions thank you for their freedom.
The lemure departs this earthly plane. x2; The sleepcap releases spores at you.
* * * LOW HITPOINT WARNING * * *
The bullfrog misses you.
Your life force feels restored.
Your Fighting skill increases to level 4!
Your Maces & Flails skill increases to level 12!
Your Armour skill increases to level 3!
You thump the sleepcap with your +0 flail of freezing!
You freeze the sleepcap.
The sleepcap is heavily damaged.
You sock the sleepcap with your +4 flail of freezing!
You freeze the sleepcap. The bullfrog barely misses you.
The sleepcap releases spores at you.
You die...

## #. .## #
# ..#.####
##.##.#....#
+...§fF§..>#
#..)@#
######


You could see a sleepcap and a bullfrog.

Vanquished Creatures
  Pikel (D:8)
  The ghost of Lysca the Destroyer, a novice DsCj of Yredelemnul (D:6)
  Sigmund (D:2)
  Eustachio (D:6)
  A steam dragon (D:6)
  Menkaure (D:5)
  Edmund (D:4)
  Duvessa (D:7)
  2 sky beasts (D:7)
  2 ogres
  3 phantoms
  Blork the orc (D:4)
  2 brain worms (Sewer)
  2 bullfrogs (D:7)
  5 scorpions
  A water moccasin zombie (Ossuary)
  A wight (Ossuary)
  Dowan (D:7)
  A howler monkey (D:6)
  4 centaur zombies (Ossuary)
  A human zombie (Ossuary)
  3 bombardier beetles
  2 bullfrog zombies (Ossuary)
  2 jellies
  2 scorpion zombies (Ossuary)
  A sleepcap (D:7)
  2 iguanas
  7 gnolls
  3 river rats (Sewer)
  5 adders
  A white imp (D:7)
  3 adder zombies (Ossuary)
  3 ribbon worms
  A dart slug (D:1)
  8 orcs
  4 endoplasms
  2 giant cockroaches
  2 gnoll zombies (Ossuary)
  5 goblins
  8 hobgoblins
  2 jackals (D:1)
  7 ball pythons
  5 bats
  6 frilled lizards
  4 goblin zombies (Ossuary)
  5 hobgoblin zombies (Ossuary)
  4 kobolds
  4 orc zombies (Ossuary)
  14 rats
149 creatures vanquished.

Notes
Turn   | Place    | Note
-------+----------+-------------------------------------------
     0 | D:1      | lunkers the Coglin Berserker began the quest for the Orb.
     0 | D:1      | Reached XP level 1. HP: 18/18 MP: 1/1
    72 | D:1      | Reached skill level 3 in Maces & Flails
   156 | D:1      | Reached XP level 2. HP: 22/24 MP: 2/2
   530 | D:1      | Reached XP level 3. HP: 26/29 MP: 3/3
   556 | D:1      | Reached ** piety under Trog
   962 | D:2      | Reached skill level 4 in Maces & Flails
  1277 | D:2      | Reached XP level 4. HP: 26/35 MP: 4/4
  1285 | D:2      | You fall into a shaft and drop 1 floor!
  1346 | D:3      | Found a snail-covered altar of Cheibriados.
  1371 | D:2      | Found Iteaniq's Magic Scroll Shop.
  1595 | D:2      | Noticed Sigmund
  1600 | D:2      | Killed Sigmund
  1601 | D:2      | Reached skill level 6 in Maces & Flails
  1601 | D:2      | Reached XP level 5. HP: 41/41 MP: 5/5
  1601 | D:2      | Reached XP level 6. HP: 47/47 MP: 6/6
  2654 | D:4      | Found a sand-covered staircase.
  2658 | Ossuary  | Entered an ossuary
  2686 | Ossuary  | Reached skill level 1 in Evocations
  2777 | Ossuary  | Reached XP level 7. HP: 32/52 MP: 7/7
  2902 | Ossuary  | Reached *** piety under Trog
  2912 | Ossuary  | Reached skill level 7 in Maces & Flails
  3016 | Ossuary  | Noticed a silent spectre
  3506 | D:4      | Noticed Edmund
  3515 | D:4      | Killed Edmund
  3563 | D:4      | Reached XP level 8. HP: 52/58 MP: 8/8
  3735 | D:4      | Noticed Blork the orc
  3740 | D:4      | Killed Blork the orc
  3741 | D:4      | Reached skill level 8 in Maces & Flails
  4119 | D:5      | Entered Level 5 of the Dungeon
  4215 | D:5      | Reached skill level 5 in Evocations
  4217 | D:5      | Noticed Menkaure
  4221 | D:5      | Killed Menkaure
  4442 | D:5      | Reached skill level 9 in Maces & Flails
  4892 | D:6      | Found a runed translucent door.
  4946 | D:6      | Reached XP level 9. HP: 63/63 MP: 9/9
  5151 | D:6      | Noticed Lysca's ghost (novice DsCj)
  5183 | D:6      | Reached skill level 10 in Maces & Flails
  5190 | D:6      | Found a glowing drain.
  5212 | Sewer    | Entered a sewer
  5221 | Sewer    | Reached **** piety under Trog
  5864 | D:6      | Noticed Eustachio
  5876 | D:6      | Killed Eustachio
  6139 | D:6      | Found a blossoming altar of Fedhas.
  6372 | D:6      | Killed Lysca's ghost
  6373 | D:6      | Reached skill level 11 in Maces & Flails
  6472 | D:7      | Found a staircase to the Ecumenical Temple.
  6543 | D:7      | Noticed Duvessa
  6543 | D:7      | Noticed Dowan
  6650 | D:7      | Killed Duvessa
  6651 | D:7      | Noticed Pikel
  6653 | D:7      | Killed Dowan
  6654 | D:7      | Reached XP level 10. HP: 35/69 MP: 10/10
  6809 | D:8      | Killed Pikel
  6809 | D:8      | HP: 5/103 [sleepcap (4)]
  6810 | D:8      | Reached skill level 12 in Maces & Flails
  6810 | D:8      | Slain by a sleepcap

Illustrated notes

Levels and vault maps discovered:
D:1:      amcnicky_arrival_single_pillar, layout_basic,
          minmay_misc_feat_secret_circle, serial_bayou_pond_c
D:2:      layout_rooms, serial_shops, nicolae_shop_stone,
          nicolae_concentric_dashed_squares_wild, nrook_uturn,
          minmay_small_reverse_x, uniq_sigmund
D:3:      layout_basic, cheibriados_altar_1
D:4:      layout_basic, enter_ossuary_5, uniq_edmund, uniq_blork_the_orc
D:5:      layout_rooms, uniq_menkaure
D:6:      layout_loops_corners, mainiacjoe_overflow_cross_hatched,
          cheibrodos_sewer_entry_drain, hellmonk_ghost_happy_afterlife,
          uniq_eustachio
D:7:      layout_gridville, minmay_temple_entry_glassed_door, enter_bailey_3,
          minmay_puff, uniq_crazy_yiuf_cottage, uniq_duvessa, uniq_pikel
D:8:      layout_basic, serial_shops, nicolae_shop_back_alley_shop, uniq_joseph,
          uniq_grum, uniq_maggie

Skill      XL: |  1  2  3  4  5  6  7  8  9 10 |
---------------+-------------------------------+-----
Maces & Flails | 3 4 6 7 9 11 12 | 12.1
Evocations     | 2 4 6 |  6.0
Armour         | 2 3 |  3.0
Fighting       | 4 |  4.0
Dodging        | |  1.7

Action                     |  1- 3 |  4- 6 |  7- 9 | 10-12 || total
---------------------------+-------+-------+-------+-------++-------
  Melee: Mace              |    90 |    32 |       |       ||   122
         Dagger            |    82 |    87 |    65 |       ||   234
         Flail             |       |    62 |   321 |     5 ||   388
 Invoke: Trog's Hand       |     1 |       |       |       ||     1
         Berserk           |       |     2 |     2 |     1 ||     5
    Use: Scroll            |       |       |    21 |       ||    21
 Armour: Ring mail         |    61 |    78 |   134 |    16 ||   289
  Dodge: Dodged            |    56 |    60 |   102 |     7 ||   225

Table legend: (Time is in decaauts)
 A = Elapsed time spent in this place.
 B = Non-inter-level travel time spent in this place.
 C = Inter-level travel time spent in this place.
 D = Time resting spent in this place.
 E = Time spent auto-exploring this place.
 F = Levels seen in this place.
 G = Mean time per level.
                   A        B        C        D        E       F      G
               +--------+--------+--------+--------+--------+-----+--------+
         Total |   6877 |   6652 |    225 |    424 |   5083 |  10 |  687.7 |
       Dungeon |   5868 |   5643 |    225 |    424 |   4472 |   8 |  733.5 |
         Sewer |    525 |    525 |      0 |      0 |    351 |   1 |  525.0 |
       Ossuary |    483 |    483 |      0 |      0 |    259 |   1 |  483.0 |
               +--------+--------+--------+--------+--------+-----+--------+

Top non-repeatable levels by time:
     D:6: 1208 daAuts
     D:4: 1145 daAuts
     D:1: 921 daAuts
     D:3: 874 daAuts
     D:2: 692 daAuts
     D:5: 622 daAuts
   Sewer: 525 daAuts
 Ossuary: 483 daAuts
     D:8: 241 daAuts
     D:7: 162 daAuts
